 Dungeon Crawl Stone Soup version 0.20.0-15-g7f486f2 (webtiles) character file.

42504 Mesmaeker13 the Unseen (level 14, -5/62 HPs)
             Began as a Vine Stalker Assassin on June 13, 2017.
             Was a High Priest of Nemelex Xobeh.
             Slain by a hell rat (16 damage)
             ... on level 6 of the Lair of Beasts.
             The game lasted 01:00:51 (15846 turns).

Mesmaeker13 the Unseen (Vine Stalker Assassin)     Turns: 15846, Time: 01:00:51

Health: -5/62      AC:  6    Str: 13    XL:     14   Next: 20%
Magic:  0/21       EV: 21    Int: 14    God:    Nemelex Xobeh [*****.]
Gold:   729        SH:  8    Dex: 19    Spells: 7/13 levels left

rFire    + + .     SeeInvis .   P - +5 dagger of Fragile Peace {drain, rF+}
rCold    . . .     Gourm    .   K - +2 buckler of the Princess {+Fly Slay+2}
rNeg     . . .     Faith    .   y - +2 robe {rF+}
rPois    .         Spirit   +   Z - +0 hat
rElec    +         Reflect  .   d - +1 cloak
rCorr    .         Harm     .   (no gloves)
MR       ++...                  (no boots)
Stlth    +++++++...             (no amulet)
Regen    1.0/turn               R - ring of the Fifty People {+Fly rElec}
MPRegen  0.2/turn               q - ring of protection from magic

@: no status effects
A: fangs 3, regeneration 2, magic shield, antimagic bite, no potion heal 3, rot
immunity
a: Triple Draw, Deal Four, Stack Five, Renounce Religion, Evoke Flight


You were on level 6 of the Lair of Beasts.
You worshipped Nemelex Xobeh.
Nemelex Xobeh was extremely pleased with you.
You were near starving.

You visited 3 branches of the dungeon, and saw 17 of its levels.
You also visited: Ice Cave.

You collected 762 gold pieces.
You spent 33 gold pieces at shops.

Inventory:

Hand Weapons
 b - a +0 blowgun
 P - the +5 dagger of Fragile Peace (weapon) {drain, rF+}
   (You found it on level 7 of the Dungeon)

   A truly terrible weapon, it drains the life of those it strikes.
   It protects you from fire.
Missiles
 e - 105 poisoned needles
 f - 2 curare-tipped needles
 j - 8 exploding tomahawks (quivered)
Armour
 d - a +1 cloak (worn)
 y - a +2 robe of fire resistance (worn)
 K - the +2 buckler of the Princess (worn) {+Fly Slay+2}
   (You found it on level 5 of the Dungeon)

   It affects your accuracy and damage with ranged weapons and melee attacks
   (+2).
   It lets you fly.
 Z - a +0 hat (worn)
Jewellery
 q - a ring of protection from magic (right hand)
 w - an uncursed ring of fire
 H - a cursed -2 ring of intelligence {unknown}
 Q - an uncursed ring of resist corrosion
 R - the ring of the Fifty People (left hand) {+Fly rElec}
   (You found it on level 7 of the Dungeon)

   [ring of flight]

   It insulates you from electricity.
   It lets you fly.
Wands
 l - a wand of digging (18/24)
 A - a wand of lightning (1/15)
 N - a wand of confusion (21/48)
 O - a wand of confusion (32/48)
Scrolls
 c - 3 scrolls of enchant weapon
 h - 3 scrolls of magic mapping
 k - 2 scrolls of fog {unknown}
 p - 3 scrolls of teleportation
 u - 2 scrolls of enchant armour
 B - a scroll of blinking
 E - 3 scrolls of recharging
 J - 2 scrolls of immolation {unknown}
 T - a scroll of noise {unknown}
 W - a scroll of summoning {unknown}
 X - a scroll of vulnerability {unknown}
Potions
 a - 2 potions of berserk rage
 i - 3 potions of curing
 m - 2 potions of haste {unknown}
 n - 2 potions of lignification {unknown}
 o - 2 potions of mutation {unknown}
 x - a potion of agility
 G - 3 potions of flight {unknown}
 I - a potion of magic {unknown}
 L - a potion of degeneration {unknown}
 M - 6 potions of brilliance
 Y - 2 potions of might {unknown}
Books
 z - a book of Maledictions

   Spells                             Type                      Level
   a - Corona                         Hexes                        1
   b - Ensorcelled Hibernation        Hexes/Ice                    2
   c - Confuse                        Hexes                        3
   d - Tukima's Dance                 Hexes                        3
   e - Dazzling Spray                 Conjuration/Hexes            3
 C - a book of Battle

   Spells                             Type                      Level
   a - Infusion                       Charms                       1
   b - Shroud of Golubria             Charms/Translocation         2
   c - Song of Slaying                Charms                       2
   d - Spectral Weapon                Hexes/Charms                 3
   e - Regeneration                   Charms/Necromancy            3
 F - a book of Geomancy

   Spells                             Type                      Level
   a - Sandblast                      Earth                        1
   b - Passwall                       Transmutation/Earth          2
   c - Stone Arrow                    Conjuration/Earth            3
   d - Petrify                        Transmutation/Earth          4
   e - Lee's Rapid Deconstruction     Earth                        5
Miscellaneous
 v - a fan of gales
 D - an ornate deck of summoning {drawn: 4}
 U - a legendary deck of escape {drawn: 4}
Comestibles
 g - 13 bread rations
 r - 10 chunks of flesh
 t - 14 royal jellies
 S - a meat ration


   Skills:
 - Level 1.7 Fighting
 - Level 10.0 Short Blades
 - Level 1.7 Throwing
 + Level 10.4 Dodging
 + Level 17.1 Stealth
 - Level 5.1 Shields
 + Level 6.7 Hexes
 + Level 8.5 Invocations


You had 7 spell levels left.
You knew the following spells:

 Your Spells              Type           Power        Failure   Level  Hunger
a - Confuse               Hex            ###.....     5%          3    ####...
b - Tukima's Dance        Hex            ###.....     5%          3    ####...


Dungeon Overview and Level Annotations

Branches:
Dungeon (10/15)            Temple (1/1) D:4            Lair (6/6) D:10
 Shoals (0/4) Lair:2       Spider (0/4) Lair:3        Slime (0/5) Lair:5
    Orc (0/2) D:9

Altars:
Ashenzari
Cheibriados
Dithmenos
Elyvilon
Fedhas
Gozag
Hepliaklqana
Kikubaaqudgha
Makhleb
Nemelex Xobeh
Okawaru
Qazlal
Ru
Sif Muna
Trog
Uskayaw
Vehumet
Xom
Yredelemnul
Zin
The Shining One

Shops:
D:10 *


Innate Abilities, Weirdness & Mutations

You have razor-sharp teeth.
You heal very quickly.
When hurt, damage is shared between your health and your magic reserves.
Your bite disrupts and absorbs the magic of your enemies.
Potions cannot restore your health.
You are immune to rotting.


Message History

Your trident "Velodo" {venom, rC+} hits the hippogriff from afar!!
The hippogriff dies!
Unknown command.
Casting: Confuse
Confirm with . or Enter, or press ? or * to list all spells.
Aiming: Confuse
Press: ? - help, Shift-Dir - straight line, f - hell rat
Aim: a hell rat (chance to defeat MR: 49%)
The hell rat resists with some effort.
You are near starving!
Your trident "Velodo" {venom, rC+} hits the hell rat!
The hell rat barely misses you.
The six-headed hydra completely misses you.
You block the six-headed hydra's attack.
The six-headed hydra bites you. The six-headed hydra bites you!
The six-headed hydra misses you. The six-headed hydra bites you!
* * * LOW HITPOINT WARNING * * *
The hell rat bites you!!
You die...
Your body glows slightly and disappears.

.......P.............
...... ......P.............
..#... #.#..##............
...... #....##............
......# ###P...............
.......##.#................
#P.......#r..#............
#......(rDrH.............
#......#@#...............
#PP...#####.÷............
#.$.......##..†....#.....
###P.....................
##...#....#.....P##...
#...PP.............
#....).............
#..................
#....P#..........P.


You could see a six-headed hydra, a hippogriff, 3 hell rats and a friendly
trident "Velodo" {venom, rC+}.

Vanquished Creatures
  The ghost of NoAnimeNoLife the Unseen, a journeyman SpEn of Dithmenos (IceCv)
  5 hydras
  A catoblepas (D:7)
  A two-headed ogre (D:9)
  7 death yaks
  A harpy (Lair:6)
  A cyclops (D:7)
  A manticore (Lair:2)
  An ugly thing (D:10)
  9 elephants
  3 spiny frogs
  2 black mambas
  A torpor snail (Lair:2)
  3 komodo dragons
  A rime drake (Lair:6)
  3 ice devils
  3 meliai (Lair:5)
  2 trolls
  A polar bear (Lair:4)
  A hornet (D:10)
  13 blink frogs
  Grinder (D:4)
  A slime creature (Lair:5)
  2 redbacks (Lair:3)
  10 hippogriffs
  A tarantella (shapeshifter) (D:10)
  2 wyverns
  3 fire bats (Lair:1)
  4 basilisks
  4 hogs (D:7)
  35 yaks
  A fire elemental (Lair:1)
  A human (D:7)
  A hungry ghost (D:8)
  A warg (D:9)
  A hell hound (Lair:6)
  9 water moccasins
  5 porcupines
  3 phantoms
  3 sky beasts
  6 orc warriors
  6 ice beasts
  2 necrophages
  3 ogres
  4 centaurs
  8 crocodiles
  2 big kobolds
  13 bullfrogs
  5 scorpions
  23 killer bees
  The ghost of glosham the Skirmisher, a weakling BaAE (D:6)
  A wight (D:6)
  An electric eel (D:9)
  2 howler monkeys
  5 crimson imps
  5 jellies
  A centaur zombie (D:9)
  4 hounds
  7 orc priests
  3 bullfrog skeletons
  2 centaur skeletons
  Jessica (D:3)
  Ijyb (D:3)
  2 hell rats (Lair:6)
  3 iguanas
  15 orc wizards
  11 worker ants
  A centaur simulacrum (IceCv)
  2 hound skeletons
  3 worker ant zombies
  5 gnolls
  A naga simulacrum (IceCv)
  11 adders
  3 shadow imps
  2 oozes
  An adder zombie (D:5)
  4 adder skeletons
  A worm (D:3)
  2 dart slugs (D:1)
  9 leopard geckos
  39 orcs
  8 giant cockroaches
  7 goblins
  9 hobgoblins
  4 jackals
  15 kobolds
  8 quokkas
  A ball python (D:2)
  6 bats
  3 frilled lizards
  A jackal skeleton (D:4)
  A jackal zombie (D:5)
  A leopard gecko skeleton (D:4)
  2 rats (D:2)
  A fire vortex (Lair:1)
  A fungus (Lair:5)
  3 plants
441 creatures vanquished.

Vanquished Creatures (collateral kills)
  A two-headed ogre (D:9)
  A lindwurm (Lair:5)
  3 elephants
  A black mamba (Lair:6)
  A komodo dragon (Lair:2)
  An ice devil (Lair:3)
  A queen bee (Lair:5)
  A hippogriff (Lair:6)
  3 blink frogs (Lair:2)
  A wyvern (Lair:5)
  2 yaks
  A water moccasin (Lair:6)
  A crocodile (Lair:6)
  A bullfrog (Lair:2)
  7 killer bees (Lair:5)
  An orc wizard (D:9)
  A worker ant (D:9)
  2 orcs (D:9)
  A fungus (Lair:2)
31 creatures vanquished.

Vanquished Creatures (others)
  A death yak (Lair:4)
  A wyvern (Lair:5)
  2 gnolls (D:7)
  2 ball lightnings
  2 orcs (D:7)
  A fire vortex (Lair:1)
  20 fungi
  13 plants
42 creatures vanquished.

Grand Total: 514 creatures vanquished

Notes
Turn   | Place    | Note
-------+----------+-------------------------------------------
     0 | D:1      | Mesmaeker13 the Vine Stalker Assassin began the quest for the Orb.
     0 | D:1      | Reached XP level 1. HP: 11/11 MP: 2/2
   144 | D:1      | Reached skill level 1 in Dodging
   411 | D:1      | Reached XP level 2. HP: 15/15 MP: 3/3
   416 | D:1      | Reached skill level 5 in Stealth
   704 | D:1      | Reached XP level 3. HP: 16/18 MP: 4/4
  1220 | D:2      | Gained mutation: Your natural rate of healing is unusually fast. [Vine Stalker growth]
  1220 | D:2      | Reached XP level 4. HP: 19/23 MP: 5/5
  1740 | D:3      | Found a stormy altar of Qazlal.
  1946 | D:3      | Noticed Jessica
  1962 | D:3      | Killed Jessica
  2055 | D:3      | Found a basalt altar of Yredelemnul.
  2200 | D:3      | Noticed Ijyb
  2220 | D:3      | Killed Ijyb
  2220 | D:3      | Reached skill level 6 in Stealth
  2220 | D:3      | Reached XP level 5. HP: 14/26 MP: 2/6
  2666 | D:4      | Found a burning altar of Makhleb.
  2812 | D:4      | Found a staircase to the Ecumenical Temple.
  2927 | Temple   | Entered the Ecumenical Temple
  2952 | D:4      | Reached XP level 6. HP: 25/30 MP: 7/7
  3074 | Temple   | Became a worshipper of Nemelex Xobeh the Trickster
  3154 | D:4      | Noticed Grinder
  3168 | D:4      | Killed Grinder
  3168 | D:4      | Reached skill level 7 in Stealth
  3168 | D:4      | Reached XP level 7. HP: 17/34 MP: 8/8
  3346 | D:4      | Found a snail-covered altar of Cheibriados.
  3346 | D:4      | Received a gift from Nemelex Xobeh
  3541 | D:4      | Learned a level 3 spell: Confuse
  3807 | D:4      | Found a bloodstained altar of Trog.
  3993 | D:5      | Entered Level 5 of the Dungeon
  4135 | D:5      | Reached skill level 1 in Hexes
  4405 | D:5      | Gained mutation: You have razor-sharp teeth. [Vine Stalker growth]
  4405 | D:5      | Reached XP level 8. HP: 28/38 MP: 7/9
  4570 | D:5      | Reached skill level 5 in Short Blades
  4570 | D:5      | Reached skill level 8 in Stealth
  4791 | D:5      | Got a transparent buckler
  4815 | D:5      | Identified the +2 buckler of the Princess {+Fly Slay+2} (You found it on level 5 of the Dungeon)
  4970 | D:6      | Reached skill level 1 in Shields
  5039 | D:6      | Noticed a wyvern
  5045 | D:6      | Found an opulent altar of Gozag.
  5046 | D:6      | Killed a wyvern
  5114 | D:6      | Paralysed by an orc for 7 turns
  5137 | D:6      | Reached skill level 9 in Stealth
  5188 | D:6      | Reached XP level 9. HP: 42/42 MP: 10/10
  5232 | D:6      | Found a blossoming altar of Fedhas.
  5306 | D:6      | Reached * piety under Nemelex Xobeh
  5374 | D:6      | Noticed glosham's ghost (weakling BaAE)
  5385 | D:6      | Killed glosham's ghost
  5541 | D:7      | Received a gift from Nemelex Xobeh
  5627 | D:7      | Reached skill level 10 in Stealth
  5812 | D:7      | Reached skill level 5 in Hexes
  5949 | D:7      | Reached XP level 10. HP: 41/46 MP: 11/11
  5974 | D:7      | Noticed a catoblepas
  5977 | D:7      | Noticed a cyclops
  5980 | D:7      | Killed a catoblepas
  5980 | D:7      | Reached skill level 11 in Stealth
  5985 | D:7      | Got a shimmering dagger
  5986 | D:7      | Identified the +5 dagger of Fragile Peace {drain, rF+} (You found it on level 7 of the Dungeon)
  5997 | D:7      | Killed a cyclops
  6009 | D:7      | Got a fine bronze ring
  6011 | D:7      | Identified the ring of the Fifty People {+Fly rElec} (You found it on level 7 of the Dungeon)
  6071 | D:7      | Reached skill level 5 in Shields
  6594 | D:8      | Reached skill level 5 in Dodging
  6594 | D:8      | Reached skill level 12 in Stealth
  6884 | D:8      | Reached XP level 11. HP: 49/50 MP: 12/12
  7003 | D:8      | Received a gift from Nemelex Xobeh
  7024 | D:8      | Reached ** piety under Nemelex Xobeh
  7726 | D:9      | Found a staircase to the Orcish Mines.
  7885 | D:9      | Found a hazy altar of Hepliaklqana.
  8081 | D:9      | Reached *** piety under Nemelex Xobeh
  8084 | D:9      | Found a shimmering altar of Xom.
  8534 | D:9      | Noticed a two-headed ogre
  8548 | D:9      | Killed a two-headed ogre
  8548 | D:9      | Reached skill level 13 in Stealth
  8658 | D:9      | Noticed a two-headed ogre
  8668 | D:9      | Killed a two-headed ogre
  8779 | D:9      | Received a gift from Nemelex Xobeh
  9147 | D:10     | Entered Level 10 of the Dungeon
  9147 | D:10     | Found a staircase to the Lair.
  9147 | D:10     | Noticed a death yak
  9147 | D:10     | Noticed a death yak
  9147 | D:10     | Noticed a death yak
  9345 | D:10     | Killed a death yak
  9358 | D:10     | Killed a death yak
  9377 | D:10     | Killed a death yak
  9595 | D:10     | Noticed a purple ugly thing
  9602 | D:10     | Killed a purple ugly thing
  9602 | D:10     | Gained mutation: You heal very quickly. [Vine Stalker growth]
  9602 | D:10     | Reached XP level 12. HP: 54/54 MP: 13/13
  9857 | D:10     | Reached skill level 14 in Stealth
  9922 | D:10     | Found Beschull's Island Escapes.
  9937 | D:10     | Received a gift from Nemelex Xobeh
 10163 | D:10     | Reached skill level 10 in Short Blades
 10305 | D:10     | Bought a scroll of teleportation for 33 gold pieces
 10353 | Lair:1   | Entered Level 1 of the Lair of Beasts
 10354 | Lair:1   | Noticed a five-headed hydra
 10382 | D:10     | Killed a five-headed hydra
 10630 | Lair:1   | Reached **** piety under Nemelex Xobeh
 10812 | Lair:1   | Reached skill level 1 in Invocations
 10861 | Lair:1   | Received a gift from Nemelex Xobeh
 11518 | Lair:2   | Found a staircase to the Shoals.
 11727 | Lair:2   | Received a gift from Nemelex Xobeh
 11774 | Lair:2   | Reached skill level 15 in Stealth
 11799 | Lair:2   | Reached ***** piety under Nemelex Xobeh
 12055 | Lair:2   | Noticed a six-headed hydra
 12063 | Lair:2   | Killed a six-headed hydra
 12243 | Lair:3   | Learned a level 3 spell: Tukima's Dance
 12316 | Lair:3   | Found a hole to the Spider Nest.
 12319 | Lair:3   | Reached XP level 13. HP: 58/58 MP: 17/17
 12431 | Lair:3   | Received a gift from Nemelex Xobeh
 12437 | Lair:3   | Reached skill level 5 in Invocations
 12569 | Lair:3   | Received a gift from Nemelex Xobeh
 12834 | Lair:3   | Found a frozen archway.
 12858 | IceCv    | Entered an ice cave
 12997 | IceCv    | Noticed NoAnimeNoLife's ghost (journeyman SpEn)
 13034 | IceCv    | Killed NoAnimeNoLife's ghost
 13495 | Lair:4   | Reached skill level 16 in Stealth
 13761 | Lair:4   | Received a gift from Nemelex Xobeh
 14472 | Lair:5   | Found a staircase to the Slime Pits.
 14579 | Lair:5   | Received a gift from Nemelex Xobeh
 14841 | Lair:5   | Reached skill level 10 in Dodging
 15287 | Lair:5   | Reached XP level 14. HP: 60/62 MP: 21/21
 15684 | Lair:6   | Entered Level 6 of the Lair of Beasts
 15756 | Lair:6   | Reached skill level 17 in Stealth
 15846 | Lair:6   | Slain by a hell rat

Skill      XL: |  1  2  3  4  5  6  7  8  9 10 11 12 13 14 |
---------------+-------------------------------------------+-----
Dodging        | 1 2 3 4 5 6 8 10 | 10.4
Short Blades   | 2 3 4 5 6 8 9 10 | 10.0
Stealth        | 5 6 7 9 10 12 13 15 16 17 | 17.1
Hexes          | 2 3 5 6 |  6.7
Shields        | 2 4 5 |  5.1
Invocations    | 4 8 |  8.5
Fighting       | |  1.7
Throwing       | |  1.7

Action                   |  1- 3 |  4- 6 |  7- 9 | 10-12 | 13-15 || total
-------------------------+-------+-------+-------+-------+-------++-------
Melee: Dagger            |    71 |   153 |   318 |   646 |   492 ||  1680
       Bite              |    15 |    35 |   107 |   216 |   210 ||   583
 Cast: Confuse           |       |       |     1 |    25 |    18 ||    44
Invok: Triple Draw       |       |       |       |     1 |       ||     1
 Abil: Evoke Flight      |       |       |       |     1 |       ||     1
Evoke: Wand              |       |     1 |    18 |     7 |     6 ||    32
       Deck              |       |       |     2 |    11 |    41 ||    54
  Use: Scroll            |     3 |       |     8 |     4 |     4 ||    19
       Potion            |       |       |       |     1 |     1 ||     2
 Stab: Sleeping          |    11 |     9 |    18 |    26 |    11 ||    75
       Distracted        |       |     1 |     1 |     5 |     6 ||    13
       Confused          |       |       |     4 |    12 |     6 ||    22
       Paralysed         |       |       |     1 |     1 |       ||     2
  Eat: Chunk             |     1 |     6 |     9 |    25 |    12 ||    53
Armor: Robe              |    11 |    38 |    31 |    53 |    34 ||   167
Dodge: Dodged            |    34 |    68 |   127 |   242 |   231 ||   702
Block: Buckler           |       |       |    41 |   137 |   113 ||   291
